Cogmind - Beta 16 @@@ ROGUE MODE // 2025.12.07 @ 12:49:24 Player: WitherScout Result: Self-destructed Performance ------------- Evolutions (1) 500 Regions Visited (2) 400 Robots Destroyed (2) 10 Value Destroyed (79) 79 Prototype IDs (0) 0 Alien Tech Used (0) 0 Bonus (200) 200 TOTAL SCORE: 1189 Bonus ------- Pacifist 200 Cogmind --------- Core Integrity 373/400 Matter 286/300 Energy 125/125 System Corruption 0% Temperature Cool (0) Movement Rolling (85) Ox1 Location -9/Materials Parts ------- > --- POWER (1) -------- Light Ion Engine > --- PROPULSION (2) --- Wheel Wheel > --- UTILITY (4) ------ Cooling System Large Storage Unit Targeting Computer Weapon Shielding > --- WEAPON (2) ------- Medium Laser Medium Laser > --- INVENTORY (15) --- Light Ion Engine Small Storage Unit Structural Scanner Weapon Shielding Weapon Shielding Medium Laser Heavy Assault Rifle Grenade Launcher Grenade Launcher Grenade Launcher Grenade Launcher Grenade Launcher Grenade Launcher Grenade Launcher Grenade Launcher Peak State ------------ > --- POWER ------------ Light Ion Engine > --- PROPULSION ------- Wheel Wheel > --- UTILITY ---------- Cooling System Large Storage Unit Targeting Computer Weapon Shielding > --- WEAPON ----------- Medium Laser Medium Laser > --- INVENTORY -------- Light Ion Engine Small Storage Unit Structural Scanner Weapon Shielding Weapon Shielding Medium Laser Heavy Assault Rifle Grenade Launcher Grenade Launcher Grenade Launcher Grenade Launcher Grenade Launcher Grenade Launcher Grenade Launcher Grenade Launcher [Rating: 11] Favorites ----------- Power Light Ion Engine Engine Light Ion Engine Propulsion Wheel Wheel Wheel Utility Weapon Shielding Device Cooling System Storage Large Storage Unit Processor Targeting Computer Protection Weapon Shielding Weapon Medium Laser Energy Gun Medium Laser Build | -11 -10 -9 ------- Run | Yrd Mat Mat Slots Evolved 2 | . . 2 Power . | . . . Propulsion . | . . . Utility 2 | . . 2 Weapon . | . . . Parts Attached 11 | 4 4 3 Power 1 | 1 . . Engine 1 | 1 . . Core . | . . . Reactor . | . . . Propulsion 2 | 2 . . Treads . | . . . Leg . | . . . Wheel 2 | 2 . . Hover . | . . . Flight . | . . . Utility 6 | 1 2 3 Device 2 | . . 2 Storage 2 | 1 1 . Processor 1 | . . 1 Hackware . | . . . Protection 1 | . 1 . Artifact . | . . . Weapon 2 | . 2 . Energy Gun 2 | . 2 . Energy Cannon . | . . . Ballistic Gun . | . . . Ballistic Cannon . | . . . Launcher . | . . . Special Weapon . | . . . Impact Weapon . | . . . Slashing Weapon . | . . . Piercing Weapon . | . . . Special Melee Weapon . | . . . Unidentified Prototypes . | . . . Parts Lost . | . . . Power . | . . . Propulsion . | . . . Utility . | . . . Weapon . | . . . Highest Loss Streak . | . . . To Critical Strikes . | . . . Average Backups 9 | 3 6 12 Power . | . 1 1 Propulsion . | 1 1 . Utility 3 | . 3 3 Weapon 4 | 1 1 7 Tool/Special . | . . . Unused Backups 19 | . 5 14 Power 1 | . . 1 Propulsion 5 | . 5 . Utility 2 | . . 2 Weapon 11 | . . 11 Tool/Special . | . . . Average Slot Usage (%) 96 | . 96 96 Engine 12 | . 14 11 Wheel 24 | . 28 22 Device 5 | . . 9 Storage 12 | . 14 11 Processor 5 | . . 9 Protection 11 | . 11 11 Energy Gun 24 | . 26 22 Peak Build Rating 11 | 4 7 11 Average Rating 8 | 3 6 10 On Entrance 3 | . 4 7 Avg Prop Armor Cover (%) . | . . . Naked Turns . | . . . Heaviest Build 30 | 8 28 30 Greatest Support 20 | 20 20 20 Greatest Overweight (x) 1 | . 1 1 Average Overweight (x) . | . . 1 Largest Inventory Capacity 15 | 8 15 15 Average Capacity 11 | 6 8 15 Most Carried 15 | 8 8 15 Average Carried 9 | 4 6 12 Final Capacity 15 | 8 15 15 Final Carried 15 | 8 7 15 Class Distribution -------------------- 100% | Mutant Dominant Class ---------------- Mutant | -10/Materials Mutant | -9/Materials Resources | -11 -10 -9 ----------- Run | Yrd Mat Mat Matter Collected 296 | 200 . 96 Remotely . | . . . Salvage Created 96 | . . 96 Parts 2 | . . 2 Haulers Intercepted . | . . . Recyclers Shooed . | . . . Parts Field Recycled . | . . . Retrieved Matter . | . . . Parts Self-Destructed . | . . . Prevented . | . . . Parts Restored . | . . . Kills | -11 -10 -9 ------- Run | Yrd Mat Mat Combat Hostiles Destroyed 2 | . . 2 Guns 2 | . . 2 Classes Destroyed 2 | . . 2 Grunt 1 | . . 1 Sentry 1 | . . 1 Best Kill Streak 2 | . . 2 Combat Bots Only 2 | . . 2 Max Kills in Single Turn 1 | . . 1 Gunslinging . | . . . Exploded . | . . . Melee . | . . . Uniques/NPCs Destroyed . | . . . Combat | -11 -10 -9 -------- Run | Yrd Mat Mat Hostile Shots Fired 22 | . . 22 Missed 6 | . . 6 Hits 16 | . . 16 Projectile 16 | . . 16 Damage Taken 214 | . . 214 Core 27 | . . 27 Absorbed by Shields . | . . . Redirected to Shielding 25 | . . 25 Core Remaining (%) 100 | 100 100 . Volleys Fired 8 | . . 8 Largest 2 | . . 2 Hottest 100 | . . 100 Shots Fired 16 | . . 16 Gun 16 | . . 16 Cannon . | . . . Launcher . | . . . Special . | . . . Kinetic . | . . . Thermal 16 | . . 16 Explosive . | . . . Electromagnetic . | . . . Robot Hit Streak 14 | . . 14 Robot Miss Streak 1 | . . 1 Penetration Max . | . . . Secondary Targets 1 | . . 1 Max Gunslinging Chain 1 | . . 1 Shots Hit Robots 14 | . . 14 Core Hits 4 | . . 4 Critical Kills . | . . . Critical Parts Destroyed . | . . . Critical Strikes 2 | . . 2 Burn 2 | . . 2 Melee Attacks . | . . . Impact . | . . . Slashing . | . . . Piercing . | . . . Sneak Attacks . | . . . Combat Hostiles . | . . . Follow-up Attacks . | . . . Damage Inflicted 178 | . . 178 Guns 178 | . . 178 Cannons . | . . . Explosions . | . . . Melee . | . . . Ramming . | . . . Kinetic . | . . . Thermal 178 | . . 178 Explosive . | . . . Electromagnetic . | . . . Impact . | . . . Slashing . | . . . Piercing . | . . . Highest Corruption . | . . . Average Corruption . | . . . Corruption Purged . | . . . Corruption Blocked . | . . . Overload Shots . | . . . Overflow Damage . | . . . Projectiles . | . . . Explosions . | . . . Melee . | . . . Knockbacks . | . . . Impact . | . . . Kinetic . | . . . Secondary . | . . . Self-Inflicted Damage . | . . . Shots . | . . . Rammed . | . . . Targets Rammed . | . . . Kicked . | . . . Crushed . | . . . Highest Temperature 3 | . . 3 Average Temperature 3 | . . 3 Received Heat Transfer 78 | . . 78 Siege Activations . | . . . Martial Activations . | . . . Shielding Activations . | . . . Robots Disrupted . | . . . Combat Hostiles . | . . . Robots Corrupted . | . . . Combat Hostiles . | . . . Parts Fried . | . . . Impact Corruptions . | . . . Robots Melted . | . . . Combat Hostiles . | . . . Parts Melted 3 | . . 3 Heat Transferred 666 | . . 666 Parts Sabotaged . | . . . Parts Stolen . | . . . Parts Stripped . | . . . Power Chain Reactions . | . . . Alert | -11 -10 -9 ------- Run | Yrd Mat Mat Maximum Alert Level . | . . . Low Security (%) 100 | 100 100 100 Level 1 . | . . . Level 2 . | . . . Level 3 . | . . . Level 4 . | . . . Level 5 . | . . . High Security . | . . . Max Security . | . . . Peak Influence 81 | . . 81 Initial . | . . . Average 21 | . . 41 Influence Increases 111 | . . 111 Destroy 0b10 Robot/C 40 | . . 40 Destroy Leader 10 | . . 10 Destroy Structure 1 | . . 1 Lose Combat Pursuer 60 | . . 60 Influence Decreases 70 | . . 70 Time Decay 70 | . . 70 Squads Dispatched 1 | . . 1 Investigation . | . . . Extermination . | . . . Reinforcement 1 | . . 1 Assault . | . . . Garrison . | . . . Intercept . | . . . Searches Triggered . | . . . Construction Impeded . | . . . Haulers Reinforced . | . . . Active Scanning Responses . | . . . Cargo Convoy Interrupts . | . . . Stealth | -11 -10 -9 --------- Run | Yrd Mat Mat Distress Signals 2 | . . 2 Communications Jammed . | . . . Distress Signals . | . . . Times Spotted 8 | . 2 6 Peak Tracking Total 5 | . 3 5 Tactical Retreats 2 | . . 2 Traps | -11 -10 -9 ------- Run | Yrd Mat Mat Traps Triggered . | . . . Indirectly . | . . . Trap Hack Attempts . | . . . Triggered . | . . . Disarmed . | . . . Reprogrammed . | . . . Reused . | . . . Traps Extracted . | . . . Installed . | . . . Triggered . | . . . Machines | -11 -10 -9 ---------- Run | Yrd Mat Mat Machines Disabled . | . . . Max in Single Turn . | . . . Machines Repaired . | . . . Machines Dismantled . | . . . Machines Sabotaged . | . . . Overloaded Fab Kills . | . . . Hacking | -11 -10 -9 --------- Run | Yrd Mat Mat Machines Accessed 2 | . 1 1 Terminals 1 | . 1 . Fabricators . | . . . Repair Stations . | . . . Recycling Units . | . . . Scanalyzers 1 | . . 1 Garrison Access . | . . . Total Hacks 4 | . 1 3 Successful 3 | . 1 2 Failed . | . . . Catastrophic . | . . . Database Lockouts 1 | . . 1 Manual . | . . . Terminals 1 | . 1 . Fabricators . | . . . Repair Stations . | . . . Recycling Units . | . . . Scanalyzers 3 | . . 3 Garrison Access . | . . . Terminal Hacks 1 | . 1 . Branch Access Points 1 | . 1 . Fabricator Hacks . | . . . Repair Station Hacks . | . . . Recycling Unit Hacks . | . . . Scanalyzer 2 | . . 2 Retrieve Study 2 | . . 2 Garrison Access Hacks . | . . . Unauthorized Hacks . | . . . Terminals . | . . . Fabricators . | . . . Repair Stations . | . . . Recycling Units . | . . . Scanalyzers . | . . . Garrison Access . | . . . Data Cores Recovered . | . . . Used . | . . . Hacking Detections 2 | . 1 1 Full Trace Events . | . . . Feedback Events . | . . . Feedback Blocked . | . . . Robot Schematics Acquired . | . . . Robots Built . | . . . Authchips . | . . . Time . | . . . Total Robot Build Rating . | . . . Part Schematics Acquired . | . . . Parts Built . | . . . Authchips . | . . . Time . | . . . Total Part Build Rating . | . . . Part Studies Acquired 2 | . . 2 Parts Repaired . | . . . Time . | . . . Parts Recycled . | . . . Recycled Matter . | . . . Retrieved Matter . | . . . Retrieved Components . | . . . Parts Scanalyzed . | . . . Part Schematics Acquired . | . . . Parts Damaged . | . . . Bothacking | -11 -10 -9 ------------ Run | Yrd Mat Mat Used RIF Installer . | . . . Robots Hacked . | . . . Non-combat . | . . . Combat . | . . . Robot Hacks Applied . | . . . Relay Couplers Released . | . . . Fabnet Peak Effective % . | . . . Robots Rewired . | . . . Allies Hacked . | . . . Hacks Repelled . | . . . Allies | -11 -10 -9 -------- Run | Yrd Mat Mat Total Allies . | . . . Largest Group . | . . . Highest-Rated Group . | . . . Highest-Rated Ally . | . . . Total Orders . | . . . Ally Attacks . | . . . Total Damage . | . . . Kills . | . . . Allies Corrupted . | . . . Allies Melted . | . . . Intel | -11 -10 -9 ------- Run | Yrd Mat Mat Active Infowar (turns) 53 | . . 53 Structural 53 | . . 53 Robot Analysis Total . | . . . Derelict Logs Recovered . | . . . Drone Launches . | . . . Drone Recoveries . | . . . Exploration | -11 -10 -9 ------------- Run | Yrd Mat Mat Turns Passed 357 | 42 126 189 Spaces Moved 323 | 37 111 175 Core 3 | 3 . . Treads . | . . . Legs . | . . . Wheels 320 | 34 111 175 Hover . | . . . Flight . | . . . Fastest Speed 50 | 50 80 85 Average Speed 82 | 77 80 85 Slowest Speed 95 | 80 95 95 Overloaded Moves . | . . . Propulsion Burnouts . | . . . Robots Hopped . | . . . Potential Cave-ins . | . . . Cave-ins Triggered . | . . . Exploration Rate (%) 17 | 3 30 18 Regions Visited 2 Branch Regions . Pre-discovered Areas . | . . . Known Exits Taken . | . . . Unknown Exits Taken 2 | 1 1 . Scrap Searched . | . . . Spaces Dug . | . . . Terrain Destroyed . | . . . Melee . | . . . Projectile . | . . . AOE . | . . . Terrain Rammed . | . . . Walls Destroyed . | . . . Machines Disabled . | . . . Actions | -11 -10 -9 --------- Run | Yrd Mat Mat Total 395 | 48 148 199 Wait 25 | . 24 1 Move 321 | 36 110 175 Hop . | . . . Pick Up 23 | 8 5 10 Fast Attach 6 | 4 1 1 Attach 4 | . 2 2 Detach 1 | . . 1 Swap 1 | . 1 . Drop 6 | . 5 1 Fire 8 | . . 8 Melee . | . . . Ram . | . . . Kick . | . . . Crush . | . . . Escape Stasis . | . . . Rewire . | . . . Trap . | . . . Miscellaneous . | . . . Route ------- -11/Scrapyard -10/Materials (discovered 2 exits: *Mat / Min) -9/Materials History --------- Turn | Location | Event 31 | -11/Scrapyard | Discovered new exit (range 13) 43 | -11/Scrapyard | Entered Materials 126 | -10/Materials | Identified exit to Mines 150 | -10/Materials | Discovered new exit (range 14) 169 | -10/Materials | Entered another Materials area 169 | -9/Materials | Evolved 2 slots: Utility x2 173 | -9/Materials | Central database locked down 304 | -9/Materials | Build established: Mutant 358 | -9/Materials | Self-destructed Last Messages --------------- K-01 Serf collects debris. Acquired Grenade Launcher. Acquired Hvy. Assault Rifle. K-01 Serf collects debris. ALERT: Hostiles spotted, dispatching reinforcements to Terminal M012. Dropped Grenade Launcher. Acquired Cooling System. Y-45 Defender heat short circuits Heat Sink. Melted Broken Heat Sink. Y-45 Defender heat short circuits Lgt. Treads. Heat Sink melted. Y-45 Defender destroyed. Switching to secondary target: G-34 Mercenary. G-34 Mercenary suffers critical hit (Burn). G-34 Mercenary overheating. Aluminum Leg melted. G-34 Mercenary destroyed. Acquired 40 matter. Acquired 56 matter. Connecting with Terminal... Map ----- +----------------------------------------------------+ | | | | | | | | | | | | | | | | | | | ????######################?????????????????????? | | ????#! # #?????????????????????? | | ????# """ # """ """ """ #?????????????????????? | | ????# """ # """ """ """ #?????????????????????? | | ????#! """ # """ """ """ #?????????????????????? | | ????# """ # #?????????????????????? | | ????# # #?????????????????????? | | ????####+####+##################???????????????? | | ?????# #???????????????? | | ?????# +???????????????? | | ?????###+##### ### ########## #???????????????? | | ?????# ## ###+########???????????????????? | | ?????# ] T ## ## #???????????????????? | | ?????# ## ## |![ """ #???????????????????? | | ?????# ## ## ![[ """ #???????????????????? | | ?????# # # ![ """ +???????????????????? | | ?????# # # @ #???????????????????? | | ?????######## + "T" #???????????????????? | | ???########## # """ #???????????????????? | | ???########### ## #???????????????????? | | ???## # #######+####???????????????????? | | ???## +[ ##### ##????????????????????? | | ???## #= ?????????????????? | | ???## ! ?????????????????? | | ???## ] #+###+## ###???????????????????? | | ???## # ##??###????????????????????? | | ???## ! # ##?????????????????????????? | | ???## ! # ##?????????????????????????? | | ???## # ##?????????????????????????? | | ???########### ##?????????????????????????? | | ???########### ##?????????????????????????? | | ????????????####+#####?????????????????????????? | | ????????????#### #####?????????????????????????? | | ??????????????## ##????????????????????????????? | | ??????????????## ##????????????????????????????? | | ??????????###### ######????????????????????????? | | ??????????######+######????????????????????????? | | ??????????## ##????????????????????????? | | ??????????## ##????????????????????????? | | ??????????## ##????????????????????????? | | ??????????## ##????????????????????????? | +----------------------------------------------------+ Best States ------------- Heat Dissipation 50 Energy Generation 10 Energy Capacity 125 Matter Stores 286 Matter Capacity 300 Sight Range 16 Terrain Scan Density 10 Weapon Shielding 33 Evasion (%) 44 Targeting Accuracy 5 Item Schematics ----------------- None Robot Schematics ------------------ None Fabricated ------------ Nothing Repaired ---------- Nothing Studied --------- Wheel | -9/Materials | Hacked Med. Laser | -9/Materials | Hacked Alien Tech Used ----------------- None Achievements -------------- None Challenges ------------ None Game ------ Seed CoilShiftLattice Manual? 0 Play Time 00:12:29 Cumulative 55.7 hours Start 2025.12.07 @ 12:32:59 End 2025.12.07 @ 12:49:24 Sessions 7 Manual Loads 0 Difficulty Rogue Special Mode None Game No. 90 Rogue 90 Adventurer 0 Explorer 0 Win Type - Total 0 Types 0/0/0/0/0/0/0/0/0/0 Lore% 15 Gallery% 30 Achievement% 20 Wizard Run 0 Options --------- Layout 1 ASCII 1 Keyboard 0 Movement Numpad Keybinds 0 Fullscreen 1 Font 24/Cog Map View 50x35 Zoom Use 0% Tactical HUD 1 Map Filters NONE Filters NONE Steam 0 RUN: 93c42458-4744-4e64-8455-f2ea406fb1c9